 Dungeon Crawl Stone Soup version 0.20.0-15-g7f486f2 (webtiles) character file.

207 sagitran the Poker (level 5, -12/40 HPs)
             Began as a Demonspawn Gladiator on June 21, 2017.
             Killed from afar by Ijyb (13 damage)
             ... with a wand of acid (?/15)
             ... on level 3 of the Dungeon.
             The game lasted 00:17:16 (1900 turns).

sagitran the Poker (Demonspawn Gladiator)           Turns: 1900, Time: 00:17:17

Health: -12/40     AC:  7    Str: 19    XL:     5   Next: 54%
Magic:  5/5        EV: 14    Int:  9    God:
Gold:   203        SH:  0    Dex: 16    Spells: 4/4 levels left

rFire    . . .     SeeInvis +   a - +0 trident
rCold    . . .     Gourm    .   (no shield)
rNeg     . . .     Faith    .   s - +0 troll leather armour {Purgy}
rPois    .         Spirit   .   c - +0 helmet
rElec    .         Reflect  .   (no cloak)
rCorr    .         Harm     .   (no gloves)
MR       .....                  (no boots)
Stlth    +.........             (no amulet)
Regen    0.6/turn               e - ring of see invisible
MPRegen  0.1/turn               o - +5 ring of strength

@: lethally poisoned (-12 -> -12), about to teleport
A: hooves 1, thin metallic scales 1
a: no special abilities


You were on level 3 of the Dungeon.
You were not hungry.

You visited 1 branch of the dungeon, and saw 3 of its levels.
You also visited: Sewer.

You collected 203 gold pieces.

Inventory:

Hand Weapons
 a - a +0 trident (weapon)
Missiles
 d - 2 throwing nets (quivered)
Armour
 c - a +0 helmet (worn)
 s - a +0 troll leather armour (worn) {Purgy}
Jewellery
 e - a ring of see invisible (left hand)
 o - a +5 ring of strength (right hand)
Scrolls
 l - a scroll of remove curse
 u - a scroll of amnesia {unknown}
Potions
 g - a potion of might {unknown}
 h - a potion of lignification {unknown}
 i - a potion of invisibility {unknown}
 j - a potion of berserk rage
 k - 2 potions of heal wounds {unknown}
 n - a potion of brilliance {unknown}
 q - a potion of haste {unknown}
 t - 2 potions of curing {unknown}
Comestibles
 f - 2 bread rations
 m - 3 fruits
 r - a meat ration


   Skills:
 + Level 2.8 Fighting
 + Level 4.1 Polearms
 + Level 2.0 Throwing
 + Level 1.2 Armour
 * Level 3.8 Dodging
 + Level 0.4 Stealth


You had 4 spell levels left.
You didn't know any spells.

Dungeon Overview and Level Annotations

Branches:
Dungeon (3/15)

Altars:

Annotations:
D:3 Ijyb


Innate Abilities, Weirdness & Mutations

You have large cloven feet.
You are partially covered in thin metallic scales. (AC +2)


Message History

* * * LOW HITPOINT WARNING * * *
You are poisoned.
The adder poisons you! The orc hits you but does no damage.
The jackal misses you.
Okay, then.
Okay, then.
As you read the scroll of teleportation, it crumbles to dust.
You feel strangely unstable.
You feel sick.
The orc shouts!
Ijyb zaps a wand.
The bolt of acid misses you.
It is a wand of acid (?/15).
The orc barely misses you. The jackal closely misses you.
The adder closely misses you. The orc wizard closely misses you.
The orc barely misses you.
The orc wizard hits you but does no damage.
The jackal closely misses you.
You feel sick. The orc wizard barely misses you. The orc priest misses you.
The adder bites you.
* * * LOW HITPOINT WARNING * * *
Ijyb zaps a wand.
The bolt of acid hits you!
You die...

#####(#.### ........#
#....... .......#
#..†.... .......#
#....... ..o....#####
#.......
..........#######.......
#..g..................
#.....................
#..oS@................
#..h.o............##..
#..oo.............##..
#....(............###.
#...........†.....# #.
####.........##†##...#
##
#............#≈≈≈#...# #
#............#≈≈≈#.###
#..........#.#≈.≈#.#


You could see Ijyb, an orc priest, an orc wizard, an adder, 3 orcs and a jackal.

Vanquished Creatures
  Purgy (Sewer)
  4 adders
  An ooze (D:2)
  A worm (D:2)
  A dart slug (D:1)
  A leopard gecko (D:3)
  10 bats
  6 giant cockroaches
  8 goblins
  11 hobgoblins
  2 jackals (D:3)
  6 kobolds
  3 frilled lizards
  11 rats
66 creatures vanquished.

Notes
Turn   | Place    | Note
-------+----------+-------------------------------------------
     0 | D:1      | sagitran the Demonspawn Gladiator began the quest for the Orb.
     0 | D:1      | Reached XP level 1. HP: 16/16 MP: 1/1
   183 | D:1      | Gained mutation: You are partially covered in thin metallic scales. (AC +2) [demonic ancestry]
   183 | D:1      | Reached XP level 2. HP: 22/22 MP: 2/2
   450 | D:1      | Reached skill level 3 in Polearms
   550 | D:1      | Reached XP level 3. HP: 27/28 MP: 3/3
  1288 | D:2      | Reached XP level 4. HP: 34/34 MP: 4/4
  1704 | D:3      | Found a glowing drain.
  1736 | Sewer    | Entered a sewer
  1755 | Sewer    | Reached skill level 1 in Armour
  1792 | Sewer    | Noticed Purgy
  1804 | Sewer    | Killed Purgy
  1804 | Sewer    | Reached skill level 4 in Polearms
  1804 | Sewer    | Gained mutation: You have large cloven feet. [demonic ancestry]
  1804 | Sewer    | Reached XP level 5. HP: 40/40 MP: 5/5
  1895 | D:3      | Noticed Ijyb
  1900 | D:3      | HP: 1/40 [adder (3)]
  1900 | D:3      | Killed from afar by Ijyb

Skill      XL: |  1  2  3  4 |
---------------+-------------+-----
Throwing       | 2 |  2.0
Dodging        | 3 |  3.8
Polearms       | 3 4 |  4.1
Armour         | 1 |  1.2
Fighting       | |  2.8
Stealth        | |  0.4

Action                   |  1- 3 |  4- 6 || total
-------------------------+-------+-------++-------
Melee: Trident           |   166 |    74 ||   240
       Kick              |       |     5 ||     5
Throw: Throwing net      |     3 |       ||     3
  Use: Scroll            |     2 |     2 ||     4
       Potion            |       |     1 ||     1
 Stab: Sleeping          |     3 |       ||     3
       Held in net/web   |     1 |       ||     1
  Eat: Bread ration      |     1 |       ||     1
Armor: Leather armour    |    63 |    43 ||   106
       Troll leather arm |       |     9 ||     9
Dodge: Dodged            |   112 |   118 ||   230
